 Dungeon Crawl Stone Soup version 0.30-a0-802-gb92711bcdf (webtiles) character file.

Game seed: 8486465685367081899

65 Newt the Trooper (level 3, 0/30 HPs)
             Began as a Demonspawn Gladiator on Feb 24, 2023.
             Asphyxiated
             ... in a sewer.
             The game lasted 00:02:13 (1764 turns).

Newt the Trooper (Demonspawn Gladiator)             Turns: 1764, Time: 00:02:13

Health: 0/30       AC:  6    Str: 16    XL:     3   Next: 92%
Magic:  0/3        EV: 12    Int: 11    God:
Gold:   107        SH:  0    Dex: 14    Spells: 1/2 levels left

rFire   . . .      SeeInvis .    h - +2 short sword (venom)
rCold   . . .      Faith    .    (no shield)
rNeg    . . .      Spirit   .    b - +0 leather armour
rPois   .          Reflect  .    c - +0 helmet
rElec   .          Harm     .    l - +0 cloak
rCorr   .          Rampage  .    g - +0 pair of gloves
Will    .....                    (no boots)
Stlth   +                        (no amulet)
HPRegen 0.25/turn                (no ring)
MPRegen 0.08/turn                (no ring)

@: mighty, lethally poisoned (0 -> -9), attractive, very slightly contaminated,
very slow
A: big brain 1, demonic magic 1
a: no special abilities


You were in a sewer.
You visited 1 branch of the dungeon, and saw 3 of its levels.
You also visited: Sewer.

You collected 107 gold pieces.

Inventory:

Hand Weapons
 a - a +0 rapier
 h - a +2 short sword of venom (weapon)
Missiles
 d - 2 throwing nets (quivered)
 f - 3 poisoned darts
Armour
 b - a +0 leather armour (worn)
 c - a +0 helmet (worn)
 g - a +0 pair of gloves (worn)
 l - a +0 cloak (worn)
Scrolls
 j - a scroll of poison
 m - a scroll of vulnerability {unknown}
Potions
 n - a potion of attraction


   Skills:
 + Level 3.8 Fighting
 - Level 2.6 Short Blades
 - Level 1.7 Throwing
 - Level 2.6 Dodging
 - Level 1.5 Stealth


You had one spell level left.
You knew the following spells:

 Your Spells              Type           Power      Damage    Failure   Level
a - Magic Dart            Conj           0%         1d3       41%         1

Your spell library contained the following spells:

 Spells                   Type           Power      Damage    Failure   Level
 Call Imp                 Summ           0%         N/A       54%         2
 Lesser Beckoning         Tloc           0%         N/A       54%         2
 Gell's Gravitas          Tloc           0%         N/A       78%         3
 Mephitic Cloud           Conj/Pois/Air  0%         N/A       78%         3
 Teleport Other           Tloc           0%         N/A       78%         3


Dungeon Overview and Level Annotations

Branches:
Dungeon (3/15)              Sewer (1/1)

Altars:

Shops:
D:1 :

Annotations:
D:3 Jessica


Innate Abilities, Weirdness & Mutations

You have an unusually large brain. (Int +2)
Spells you cast may paralyse adjacent enemies.


Message History

* * * LOW HITPOINT WARNING * * *
You are lethally poisoned!
The kobold is attracted toward you.
The kobold brigand is attracted toward you.
It was a potion of heal wounds.
You feel much better.
You feel sick.
The kobold brigand hits you with a +1 dagger of venom.
You are lethally poisoned!
You feel very mighty all of a sudden.
You feel very sick.
The kobold brigand hits you with a +1 dagger of venom.
* * * LOW HITPOINT WARNING * * *
Unknown command.
Your unstable footing causes you to fumble your attack.
* * * LOW HITPOINT WARNING * * *
You feel sick. The kobold brigand misses you.
You hit the kobold brigand.
The kobold brigand is poisoned.
The kobold brigand is severely wounded.
* * * LOW HITPOINT WARNING * * *
You feel very sick.
The kobold brigand splashes around in the water.
You barely miss the kobold brigand.
The kobold brigand is almost dead.
* * * LOW HITPOINT WARNING * * *
You feel sick.
The kobold brigand splashes around in the water.
Your unstable footing causes you to fumble your attack.
* * * LOW HITPOINT WARNING * * *
You feel sick.
The kobold brigand hits you with a +1 dagger of venom.
* * * LOW HITPOINT WARNING * * *
You are more poisoned.
It was a potion of curing.
You feel better.
You kill the kobold brigand!
You hear a splash. x2
The kobold throws a stone.
The stone misses you.
The kobold brigand throws a curare-tipped dart.
The curare-tipped dart hits you.
You are lethally poisoned!
You have difficulty breathing.
You die...

#.~≈ ##.~≈~.# ∩..~≈~.#
#.~≈≈.# #.~≈~.# ##~~≈~.##
#.~~≈~~K##################
#~.(≈~KK)@~~~~~~~~~~~~~~~~
#~.~≈~KK##################
#..~≈~~.# #.~~≈~~~#
#.~≈≈≈~K# #~~≈≈≈~~#
#~~≈≈≈K~# #..~~~~~#
#..~..~.#


You could see a kobold brigand and 4 kobolds.

Vanquished Creatures
  A kobold brigand (Sewer)
  2 river rats (Sewer)
  A dart slug (D:1)
  4 endoplasms
  4 giant cockroaches
  4 hobgoblins
  2 jackals (Sewer)
  7 kobolds
  4 quokkas
  2 ball pythons
  2 bats
  5 frilled lizards
  8 rats
46 creatures vanquished.

Notes
Turn   | Place    | Note
-------+----------+-------------------------------------------
     0 | D:1      | Newt the Demonspawn Gladiator began the quest for the Orb.
     0 | D:1      | Reached XP level 1. HP: 16/16 MP: 1/1
    56 | D:1      | Reached skill level 1 in Stealth
    63 | D:1      | Gained mutation: Spells you cast may paralyse adjacent
                  | enemies. [demonic ancestry]
    63 | D:1      | Reached XP level 2. HP: 19/22 MP: 2/2
   285 | D:1      | Found Joeda's Book Emporium.
  1072 | D:2      | Reached skill level 3 in Fighting
  1102 | D:2      | Gained mutation: You have an unusually large brain. (Int
                  | +2) [demonic ancestry]
  1102 | D:2      | Reached XP level 3. HP: 15/29 MP: 3/3
  1281 | D:2      | Learned a level 1 spell: Magic Dart
  1594 | D:3      | Noticed Jessica
  1628 | D:3      | Found a glowing drain.
  1648 | Sewer    | Entered a sewer
  1733 | Sewer    | Noticed a kobold brigand
  1735 | Sewer    | Noticed a kobold brigand
  1763 | Sewer    | HP: 1/30 [kobold brigand/+1 dagger of venom (1)]
  1764 | Sewer    | Killed a kobold brigand
  1764 | Sewer    | Asphyxiated

Illustrated notes

Levels and vault maps discovered:
D:1:      saegor_arrival_simple_b, layout_rooms, serial_shops, shop,
          kennysheep_pointless_box, minmay_liquid_box, st_stairs_11,
          hangedman_decor_clover_reticule, minmay_misc_feat_iff
D:2:      layout_basic
D:3:      layout_basic, lemuel_coloured_pillars_altar,
          chequers_ecumenical_altar_simple, gup_sewer_entry_pipe, uniq_terence,
          uniq_natasha, uniq_jessica
Sewer:    sewer_kobolds

Skill      XL: |  1  2 |
---------------+-------+-----
Stealth        | 1 |  1.5
Fighting       | 3 |  3.8
Short Blades   | |  2.6
Throwing       | |  1.7
Dodging        | |  2.6

Action                     || total
---------------------------++-------
  Melee: Rapier            ||    35
         Punch             ||     1
         Short sword       ||    90
  Throw: Throwing net      ||     1
         Javelin           ||     1
   Cast: Magic Dart        ||     1
    Use: Potion            ||     7
         Scroll            ||     4
   Stab: Sleeping          ||     6
 Armour: Leather armour    ||    44
  Dodge: Dodged            ||    88

Table legend: (Time is in decaauts)
 A = Elapsed time spent in this place.
 B = Non-inter-level travel time spent in this place.
 C = Inter-level travel time spent in this place.
 D = Time resting spent in this place.
 E = Time spent auto-exploring this place.
 F = Levels seen in this place.
 G = Mean time per level.
                   A        B        C        D        E       F      G
               +--------+--------+--------+--------+--------+-----+--------+
         Total |   1782 |   1653 |    129 |    354 |    932 |   4 |  445.5 |
       Dungeon |   1647 |   1518 |    129 |    354 |    861 |   3 |  549.0 |
         Sewer |    134 |    134 |      0 |      0 |     71 |   1 |  134.0 |
               +--------+--------+--------+--------+--------+-----+--------+

Top non-repeatable levels by time:
     D:2: 785 daAuts
     D:1: 778 daAuts
   Sewer: 134 daAuts
     D:3: 84 daAuts
